 Dungeon Crawl Stone Soup version 0.29.1-1-gd02db6906a (webtiles) character file.

Game seed: 4615158677542296853

313 MisterFreud the Twirler (level 6, -2/41 (47) HPs)
             Began as a Formicid Gladiator on Oct 11, 2022.
             Slain by a gnoll
             ... wielding a +0 spear
             ... led by a gnoll bouda
              (6 damage)
             ... on level 10 of the Dungeon.
             The game lasted 00:05:10 (5231 turns).

MisterFreud the Twirler (Formicid Gladiator)        Turns: 5231, Time: 00:05:11

HP:   -2/41 (47)    AC:  3    Str: 20    XL:     6   Next: 71%
MP:   6/6           EV: 12    Int:  8    God:
Gold: 176           SH:  0    Dex: 15    Spells: 5/5 levels left

rFire   . . .      SeeInvis +   a - +1 quarterstaff
rCold   . . .      Faith    .   (no shield)
rNeg    . . .      Spirit   .   b - +0 leather armour
rPois   +          Reflect  .   (helmet unavailable)
rElec   .          Harm     .   (no cloak)
rCorr   +          Rampage  .   (no gloves)
Will    .....                   (no boots)
Stlth   +.........              (no amulet)
HPRegen 0.13/turn               j - ring of poison resistance
MPRegen 0.10/turn               g - ring of resist corrosion

@: heavily drained
A: permanent stasis, dig shafts and tunnels, antennae 3, four strong arms
a: Dig, Shaft Self


You were on level 10 of the Dungeon.
You visited 1 branch of the dungeon, and saw 10 of its levels.

You collected 176 gold pieces.

Inventory:

Hand Weapons
 a - a +1 quarterstaff (weapon)
Missiles
 c - 5 throwing nets
 e - 10 poisoned darts (quivered)
 n - a boomerang
Armour
 b - a +0 leather armour (worn)
Jewellery
 g - a ring of resist corrosion (right hand)
 j - a ring of poison resistance (left hand)
 o - a ring of magical power
Scrolls
 k - a scroll of summoning
 p - 2 scrolls of magic mapping
Potions
 d - a potion of attraction {unknown}
 f - 2 potions of haste
 h - a potion of berserk rage
 i - a potion of flight {unknown}
 m - a potion of lignification {unknown}


   Skills:
 + Level 3.5 Fighting
 - Level 6.0 Staves
 - Level 2.0 Throwing
 + Level 2.5 Armour
 - Level 2.6 Dodging


You had 5 spell levels left.
You didn't know any spells.
Your spell library contained the following spells:

 Spells                   Type           Power      Damage    Failure   Level
 Sublimation of Blood     Necr           0%         N/A       58%         2
 Conjure Flame            Conj/Fire      0%         6-21      83%         3
 Gell's Gravitas          Tloc           0%         N/A       83%         3
 Ignite Poison            Fire/Tmut/Pois 0%         N/A       83%         3
 Lesser Beckoning         Tloc           0%         N/A       83%         3
 Teleport Other           Tloc           0%         N/A       83%         3
 Petrify                  Tmut/Erth      0%         N/A       99%         4
 Sticky Flame             Conj/Fire      0%         2d3       99%         4
 Irradiate                Conj/Tmut      0%         3d11      100%        5


Dungeon Overview and Level Annotations

Branches:
Dungeon (11/15)
 Temple: D:4-7         Lair: D:8-11         Orc: D:9-12

Altars:

Shops:
D:8 ?

Annotations:
D:9 4 runed translucent doors


Innate Abilities, Weirdness & Mutations

You cannot be hasted, slowed, berserked, paralysed or teleported.
You can dig through walls and to a lower floor.
You have a pair of large antennae on your head. (SInv)
Your four strong arms can wield two-handed weapons with a shield.


Message History

Unknown command.
You barely miss the gnoll.
The gnoll is lightly wounded.
A gnoll comes into view. It is wielding a +0 spear.
The gnoll hits you with a +0 whip.
You closely miss the gnoll.
The gnoll is lightly wounded.
The gnoll completely misses you.
You hit the gnoll but do no damage.
The gnoll is lightly wounded.
The gnoll closely misses you.
You sock the gnoll!
The gnoll is almost dead.
You kill the gnoll!
You sock the gnoll!
You kill the gnoll!
Throw: 11 darts (poison)
Press: ? - help, Q - select action, (/) - cycle Shift-Dir - straight line, f - gnoll
Aim: a gnoll, wielding a +0 spear (64% to hit)
You throw a poisoned dart. The poisoned dart hits the gnoll.
The gnoll is poisoned.
The gnoll hits you from afar with a +0 spear.
The gnoll barely misses you.
Things that are here:
a +0 flail; a +0 whip; a gnoll corpse You hit the gnoll.
The gnoll is moderately wounded.
The gnoll hits you with a +0 spear!
* * * LOW HITPOINT WARNING * * *
You closely miss the gnoll.
The gnoll is moderately wounded.
The gnoll misses you.
You barely miss the gnoll.
The gnoll is moderately wounded.
The gnoll hits you with a +0 spear.
* * * LOW HITPOINT WARNING * * *
You hit the gnoll but do no damage.
The gnoll is moderately wounded.
The gnoll hits you with a +0 spear.
You die...

#####.###.##
...........
....#.#.#.#
..........
.........##
..........#
#........#
......#.#######.#
#.#.......@g..(.#
.........######.#
..#####..# . #..#
#... ##.#. #.#.
#.# # #.#


You could see a gnoll (poisoned).

Vanquished Creatures
  A centaur (D:9)
  A wight (D:9)
  An orc wizard (D:6)
  A mummy (D:4)
  5 gnolls
  4 adders
  An adder zombie (D:4)
  A worm (D:2)
  2 dart slugs (D:2)
  An orc (D:3)
  7 bats
  7 endoplasms
  3 giant cockroaches
  4 goblins
  2 hobgoblins
  2 jackals (D:2)
  5 kobolds
  6 ball pythons
  5 frilled lizards
  2 rats
  A spectral goblin (D:1)
62 creatures vanquished.

Vanquished Creatures (others)
  A quokka (D:8)
1 creature vanquished.

Grand Total: 63 creatures vanquished

Notes
Turn   | Place    | Note
-------+----------+-------------------------------------------
     0 | D:1      | MisterFreud the Formicid Gladiator began the quest for the
                  | Orb.
     0 | D:1      | Reached XP level 1. HP: 16/16 MP: 1/1
   258 | D:1      | Reached XP level 2. HP: 19/22 MP: 2/2
   738 | D:1      | Found a faded altar of an unknown god.
  1077 | D:2      | Reached skill level 4 in Staves
  1077 | D:2      | Reached XP level 3. HP: 26/26 MP: 3/3
  1508 | D:2      | Identified the +5 dagger "Impbane" {vorpal, Str+2}
  1553 | D:2      | Reached XP level 4. HP: 16/33 MP: 4/4
  2282 | D:2      | Reached skill level 5 in Staves
  2664 | D:3      | Reached XP level 5. HP: 35/38 MP: 5/5
  3432 | D:4      | You fall into a shaft and drop 2 floors!
  3686 | D:6      | Reached skill level 6 in Staves
  3689 | D:6      | You fall into a shaft and drop 3 floors!
  3912 | D:9      | Noticed a centaur
  3913 | D:9      | Found a huge runed translucent gate.
  3913 | D:9      | Found a huge runed translucent gate.
  3913 | D:9      | Found a huge runed translucent gate.
  3913 | D:9      | Found a huge runed translucent gate.
  3913 | D:9      | Noticed a black bear
  3913 | D:9      | Noticed a hog
  3913 | D:9      | Noticed a death yak
  3913 | D:9      | Noticed a black bear
  3913 | D:9      | Noticed a black bear
  3913 | D:9      | Noticed a black bear
  3913 | D:9      | Noticed a black bear
  3913 | D:9      | Noticed a manticore
  3913 | D:9      | Noticed a polar bear
  3913 | D:9      | Noticed a polar bear
  3913 | D:9      | Noticed a dream sheep
  3913 | D:9      | Noticed a wyvern
  3913 | D:9      | Noticed a wyvern
  3913 | D:9      | Noticed a polar bear
  3913 | D:9      | Noticed a manticore
  3913 | D:9      | Noticed a wraith
  3913 | D:9      | Noticed a wyvern
  3913 | D:9      | Noticed a polar bear
  3922 | D:9      | Killed a centaur
  3923 | D:9      | Reached skill level 1 in Armour
  3923 | D:9      | Reached XP level 6. HP: 21/47 MP: 6/6
  4119 | D:9      | You fall into a shaft and drop 2 floors!
  4415 | D:10     | Entered Level 10 of the Dungeon
  4432 | D:9      | Noticed an orc warrior
  4451 | D:8      | Found Viukih's Magic Scroll Shoppe.
  5019 | D:7      | Noticed a water moccasin
  5023 | D:7      | You fall into a shaft and drop 2 floors!
  5044 | D:9      | HP: 1/40 [wight/+3 dagger (10)]
  5047 | D:9      | You fall into a shaft and drop 1 floor!
  5231 | D:10     | Slain by a gnoll

Illustrated notes

Levels and vault maps discovered:
D:1:      shiori_shiawase, layout_basic,
          dreamdust_ecumenical_altar_drowned_temple, minivault_26
D:2:      layout_loops_ring
D:3:      layout_basic
D:4:      nicolae_cairo_tiling_large, layout_gridville,
          lemuel_mausoleum_altar_kikubaaqudgha, minmay_bisected
D:6:      layout_rooms, minmay_temple_entry_statues, ebering_ghost_sewer_d,
          serial_shops, shop_statue, gup_sewer_entry_spiral
D:7:      layout_layer_cave, uniq_menkaure
D:8:      layout_layer_cave, elyvilon_altar_4, david_lair_shrubbed,
          ebering_ghost_gozag, serial_shops, shop, uniq_maurice, uniq_pikel
D:9:      lemuel_bear_cage, layout_layer_cave, minivault_14
D:10:     layout_loops_ring, mainiacjoe_overflow_alcove_2, led_sif_pool,
          mainiacjoe_overflow_24_doors, mainiacjoe_overflow_brackets,
          special_room [special_room_bee], uniq_nergalle
D:11:     layout_layer_cave, serial_glass, glass_columns_a, glass_columns_b,
          feat_on_display, enter_trove_5, kennysheep_generic_room_10,
          uniq_fannar

Skill      XL: |  1  2  3  4  5  6 |
---------------+-------------------+-----
Staves         | 4 5 6 |  6.0
Fighting       | 3 |  3.5
Armour         | 1 2 |  2.5
Throwing       | |  2.0
Dodging        | |  2.6

Action                   |  1- 3 |  4- 6 || total
-------------------------+-------+-------++-------
Melee: Quarterstaff      |    81 |   130 ||   211
Throw: Dart              |       |     3 ||     3
       Javelin           |       |     1 ||     1
 Abil: Shaft Self        |       |     5 ||     5
  Use: Scroll            |     4 |     9 ||    13
 Stab: Sleeping          |     1 |     1 ||     2
Armor: Leather armour    |    22 |    29 ||    51
Dodge: Dodged            |    59 |   115 ||   174
